 Dungeon Crawl Stone Soup version 0.27-a0-1500-g450c7e4133 (webtiles) character file.

Game seed: 293332128280544762

63 pointlesswaste the Shield-Bearer (level 4, -6/35 HPs)
             Began as a Human Fighter on July 7, 2021.
             Mangled by Natasha (7 damage)
             ... on level 2 of the Dungeon.
             The game lasted 00:21:00 (1697 turns).

pointlesswaste the Shield-Bearer (Human Fighter)    Turns: 1697, Time: 00:21:03

Health: -6/35      AC:  6    Str: 16    XL:     4   Next: 31%
Magic:  4/4        EV:  9    Int:  9    God:
Gold:   72         SH:  0    Dex: 13    Spells: 3/3 levels left

rFire    + . .     SeeInvis .   a - +0 long sword {fuck gobbos}
rCold    + . .     Faith    .   (no shield)
rNeg     . . .     Spirit   .   b - +0 scale mail
rPois    +         Reflect  .   (no helmet)
rElec    +         Harm     .   (no cloak)
rCorr    +         Rampage  .   (no gloves)
Will     .....                  (no boots)
Stlth    ..........             (no amulet)
HPRegen  0.11/turn              (no ring)
MPRegen  0.09/turn              (no ring)

@: resistant
A: no striking features
a: no special abilities


You were on level 2 of the Dungeon.
You visited 1 branch of the dungeon, and saw 2 of its levels.

You collected 72 gold pieces.

Inventory:

Hand Weapons
 a - a +0 long sword (weapon) {fuck gobbos}
 f - a +0 dagger
 g - a +0 dagger
 i - a +0 dagger
 n - a +0 dagger
Missiles
 e - 21 poisoned darts (quivered)
 j - 27 stones
Armour
 b - a +0 scale mail (worn)
 c - a +0 kite shield
Scrolls
 l - a scroll of noise {unknown}
Potions
 d - a potion of might
 k - a potion of curing {unknown}
 m - 2 potions of haste {unknown}


   Skills:
 * Level 3.2 Fighting
 * Level 3.1 Long Blades
 * Level 0.6 Throwing
 + Level 3.2 Armour
 * Level 0.7 Dodging
 + Level 3.4 Shields


You had 3 spell levels left.
You didn't know any spells.
Your spell library contained the following spells:

 Spells                   Type           Power      Damage    Failure   Level
 Tukima's Dance           Hex            0%         N/A       99%         3
 Passage of Golubria      Tloc           N/A        N/A       100%        4
 Yara's Violent Unravell  Hex/Tmut       0%         3d3       100%        5


Dungeon Overview and Level Annotations

Branches:
Dungeon (2/15)

Altars:

Annotations:
D:2 Natasha


Message History

Natasha casts a spell at you. You resist with some effort.
You closely miss Natasha.
The crimson imp blinks!
Natasha claws you.
You slash Natasha!
Natasha is heavily wounded.
Natasha claws you.
Natasha growls.
Natasha stares at you and mumbles some strange words.
You resist with some effort.
Throw: 22 darts (poison)
Press: ? - help, Q - select action, (/) - cycle Shift-Dir - straight line You throw a poisoned dart.
The poisoned dart completely misses Natasha.
The poisoned dart hits the crimson imp.
Natasha barely misses you.
You barely miss Natasha.
Natasha is heavily wounded.
The crimson imp blinks!
Natasha mumbles some strange words.
You closely miss Natasha.
Natasha is heavily wounded.
Natasha claws you.
The shadow imp hits you but does no damage.
You hit the shadow imp but do no damage.
Natasha claws you. The shadow imp hits you.
You hit the shadow imp but do no damage.
Natasha claws you but does no damage. The shadow imp gestures at you.
Pain shoots through your body!
* * * LOW HITPOINT WARNING * * *
It was a potion of resistance.
You feel protected. Natasha closely misses you.
The shadow imp closely misses you.
You barely miss Natasha.
Natasha is heavily wounded.
The crimson imp disappears in a puff of smoke!
Natasha claws you.
* * * LOW HITPOINT WARNING * * *
The shadow imp barely misses you. Natasha claws you!
You die...

##(....# #
#..#### #.(## #
#...#
#.####.#.###
#..........##
####..ยง.....##
##h##.....##
#@###..#..###
#5# ##......#
#. #.#
##...#.## #.
#.# #####..#
#.# ##.# ##.##
#.# ####..#
#..##
#.####....##
##..# .#
##.##...####
##### ##..#
...###..#.<###
#...# ##.#


You could see Natasha and a shadow imp (summoned).

Vanquished Creatures
  Natasha (D:2)
  An adder (D:2)
  4 dart slugs
  3 bats
  3 endoplasms
  A giant cockroach (D:1)
  A goblin (D:1)
  4 kobolds
  2 ball pythons
  4 rats
24 creatures vanquished.

Notes
Turn   | Place    | Note
-------+----------+-------------------------------------------
     0 | D:1      | pointlesswaste the Human Fighter began the quest for the
                  | Orb.
     0 | D:1      | Reached XP level 1. HP: 18/18 MP: 1/1
   270 | D:1      | Reached XP level 2. HP: 21/24 MP: 2/2
   843 | D:1      | Reached XP level 3. HP: 29/29 MP: 3/3
  1207 | D:2      | Noticed Natasha
  1216 | D:2      | Killed Natasha
  1217 | D:2      | Reached XP level 4. HP: 19/35 MP: 4/4
  1665 | D:2      | Noticed Natasha
  1697 | D:2      | HP: 1/35 [Natasha (1)]
  1697 | D:2      | Mangled by Natasha

Illustrated notes

Levels and vault maps discovered:
D:1:      ncdulo_halloftheorcs, layout_loops_ring, minmay_misc_feat_ornament
D:2:      layout_rooms, basic_altar, uniq_natasha

Skill      XL: |  1  2  3  4 |
---------------+-------------+-----
Long Blades    | 3 |  3.1
Fighting       | |  3.2
Throwing       | |  0.6
Armour         | |  3.2
Dodging        | |  0.7
Shields        | |  3.4

Action                   |  1- 3 |  4- 6 || total
-------------------------+-------+-------++-------
Melee: Long sword        |    51 |    15 ||    66
Throw: Dart              |    18 |     5 ||    23
  Use: Potion            |       |     1 ||     1
Armor: Scale mail        |    30 |    19 ||    49
Dodge: Dodged            |    10 |    11 ||    21
Block: Kite shield       |    27 |       ||    27
       Rpst.: Long sword |     5 |     4 ||     9

Table legend: (Time is in decaauts)
 A = Elapsed time spent in this place.
 B = Non-inter-level travel time spent in this place.
 C = Inter-level travel time spent in this place.
 D = Time resting spent in this place.
 E = Time spent auto-exploring this place.
 F = Levels seen in this place.
 G = Mean time per level.
                   A        B        C        D        E       F      G
               +--------+--------+--------+--------+--------+-----+--------+
         Total |   1724 |   1337 |    387 |    427 |     52 |   2 |  862.0 |
       Dungeon |   1724 |   1337 |    387 |    427 |     52 |   2 |  862.0 |
               +--------+--------+--------+--------+--------+-----+--------+

Top non-repeatable levels by time:
     D:1: 1091 daAuts
     D:2: 632 daAuts
